AoeStats
← Dafixios

Arabia

509649265Analyzed
1v1 RM · 5d ago on Sep 27, 2026· 28m 42s· 2 players
Game mode
Random Map
Map size
Tiny (2 player)
Population
200
Speed
Normal
Resources
Standard
Victory
Conquest
Starting age
Dark Age
Ending age
Imperial Age
RankedLock teamsTeams togetherTeam positionsShared explorationLock speedFull tech treeHidden civsTurbo modeCheats
Victory
Defeat
🇪🇸 Khmer · Spain
1204
+16
🇲🇽 Franks · Mexico
1195
-16
Dafixios
6:46 Loom
9:15 Feudal Age
10:00 Double-Bit Axe
21:17 Castle Age
20:47 Fletching
21:05 Scale Barding Armor
21:26 Gold Mining
22:07 Bow Saw
22:10 Bodkin Arrow
joanmora92
5:12 Loom
8:07 Feudal Age
16:38 Wheelbarrow
19:41 Castle Age
19:36 Bloodlines
19:22 Gold Mining
20:24 Husbandry
26:30 Scale Barding Armor
28:14 Chain Barding Armor
29:45 Gold Shaft Mining
Connection lost

Rejoining the realm…

Still unreachable

The connection could not be restored.

Session expired

The server has moved on; the page needs a fresh start.